 Dungeon Crawl Stone Soup version 0.32-a0-422-g28b100f618 (webtiles) character file.

Game seed: 13633571711470307968

506369 Strat the Slayer (level 24, -18/245 HPs)
             Began as a Mountain Dwarf Fighter on Feb 21, 2024.
             Was the Champion of Okawaru.
             Demolished by a vault warden
             ... wielding a +1 long sword of protection
              (24 damage)
             ... on level 5 of the Vaults.
             The game lasted 02:55:33 (75398 turns).

Strat the Slayer (Mountain Dwarf Fighter)          Turns: 75398, Time: 02:55:34

Health: -18/245    AC: 44    Str: 26    XL:     24   Next: 18%
Magic:  28/29      EV: 27    Int: 22    God:    Okawaru [******]
Gold:   7276       SH:  0    Dex: 19    Spells: 15/31 levels left

rFire   + + +        b - +11 battleaxe of Oozing Pus {heavy, rF+ rC+ Dex+7}
rCold   + . .        (shield currently unavailable)
rNeg    + + .        N - +11 plate armour of the Forest {Will++ Stlth+}
rPois   +            c - +2 hat of the Blind Marksman {rPois Int-4 Dex+2}
rElec   +            z - +2 cloak {Will+}
rCorr   +            X - +2 pair of gloves of Avant Garde Brilliance {rElec rF- Int+8 Stlth+}
SInv    .            v - +2 pair of boots
Will    +++++        L - amulet of Zivuoqegiz {Faith rCorr Int+4 Dex+3}
Stlth   +            t - ring of Wu Jian's Inspiration {^Drain Fly rF+++ rN++ Dex-2}
HPRegen 0.60/turn    C - ring of the Hare {EV+10}
MPRegen 0.21/turn

%: faith
@: heroic, flying, studying Shields
A: runic magic, artefact enchanting
}: 2/15 runes: serpentine, barnacled
a: Renounce Religion, Heroism, Finesse, Duel


You were on level 5 of the Vaults.
You worshipped Okawaru.
Okawaru was exalted by your worship.
You visited 9 branches of the dungeon, and saw 43 of its levels.
You also visited: Trove, Sewer and Desolation.

You collected 7794 gold pieces.
You spent 518 gold pieces at shops.

Inventory:

Hand Weapons
 a - the +4 executioner's axe of Gegiena {freeze, rElec MP+9 Str+2 Int+3}
   (You found it in a treasure trove)

   Str+2:     It affects your strength (+2).
   Int+3:     It affects your intelligence (+3).
   rElec:     It insulates you from electricity.
   MP+9:      It affects your magic capacity (+9).
 b - the +11 battleaxe of Oozing Pus (weapon) {heavy, rF+ rC+ Dex+7}
   (Okawaru gifted it to you on level 12 of the Dungeon)

   Dex+7:     It affects your dexterity (+7).
   rF+:       It protects you from fire.
   rC+:       It protects you from cold.
Missiles
 h - 48 javelins (quivered)
 k - 23 atropa-tipped darts
 o - 30 silver javelins
 p - 10 curare-tipped darts
 M - 5 datura-tipped darts
 S - 5 darts of dispersal
 Z - 3 throwing nets
Armour
 c - the +2 hat of the Blind Marksman (worn) {rPois Int-4 Dex+2}
   (You found it on level 1 of the Depths)

   Int-4:     It affects your intelligence (-4).
   Dex+2:     It affects your dexterity (+2).
   rPois:     It protects you from poison
 v - a +2 pair of boots (worn)
 z - a +2 cloak of willpower (worn)
 F - the +5 pair of boots of Demons {-Cast rElec Regen+}
   (You found it on level 4 of the Shoals)

   rElec:     It insulates you from electricity.
   -Cast:     It prevents spellcasting.
   Regen+:    It increases your rate of health regeneration.
 N - the +11 plate armour of the Forest (worn) {Will++ Stlth+}
   (You acquired it on level 8 of the Dungeon)

   Will++:    It greatly increases your willpower.
   Stlth+:    It makes you more stealthy.
 X - the +2 pair of gloves of Avant Garde Brilliance (worn) {rElec rF- Int+8 Stlth+}
   (Okawaru gifted it to you on level 12 of the Dungeon)

   Int+8:     It affects your intelligence (+8).
   rF-:       It makes you vulnerable to fire.
   rElec:     It insulates you from electricity.
   Stlth+:    It makes you more stealthy.
Jewellery
 t - the ring of Wu Jian's Inspiration (left hand) {^Drain Fly rF+++ rN++ Dex-2}
   (You found it on level 3 of the Shoals)

   [ring of flight]

   Dex-2:     It affects your dexterity (-2).
   rF+++:     It renders you almost immune to fire.
   rN++:      It greatly protects you from negative energy.
   Fly:       It grants you flight.
   ^Drain:    It drains your maximum health when unequipped.
 C - the ring of the Hare (right hand) {EV+10}
   (You took it off a naga sharpshooter on level 2 of the Snake Pit)

   [ring of evasion]

   EV+10:     It affects your evasion (+10).
 D - the ring of Tumutuceg {rF+ rC- rN+ Will+}
   (You took it off a frost giant on level 5 of the Vaults)

   [ring of willpower]

   rF+:       It protects you from fire.
   rC-:       It makes you vulnerable to cold.
   rN+:       It protects you from negative energy.
   Will+:     It increases your willpower.
 L - the amulet of Zivuoqegiz (around neck) {Faith rCorr Int+4 Dex+3}
   (You acquired it on level 6 of the Dungeon)

   [amulet of faith]

   Faith:     It allows you to gain divine favour quickly.
   Int+4:     It affects your intelligence (+4).
   Dex+3:     It affects your dexterity (+3).
   rCorr:     It protects you from acid and corrosion.
 R - a ring of see invisible
 W - a ring of poison resistance
Wands
 y - a wand of roots (29)
 A - a wand of acid (28)
 O - a wand of mindburst (9)
 Q - a wand of flame (53)
 V - a wand of digging (7)
 Y - a wand of polymorph (16)
Scrolls
 e - 2 scrolls of torment
 g - 9 scrolls of teleportation
 i - a scroll of silence
 m - 2 scrolls of revelation
 n - 4 scrolls of blinking
 q - a scroll of fog
 x - 2 scrolls of amnesia
 E - 23 scrolls of identify
 H - 4 scrolls of enchant armour
 T - 2 scrolls of brand weapon
 U - 4 scrolls of immolation
Potions
 d - a potion of resistance
 f - 2 potions of magic
 l - 6 potions of mutation
 r - 7 potions of haste
 u - 10 potions of brilliance
 w - 6 potions of cancellation
 B - 2 potions of invisibility
 G - a potion of might
 I - 5 potions of ambrosia
 J - a potion of berserk rage
 K - 8 potions of enlightenment
 P - a potion of lignification
Miscellaneous
 s - a condenser vane


   Skills:
 + Level 26.1(27) Fighting
 + Level 25.1(27) Axes
 - Level 12.0(17.0) Throwing
 + Level 16.7(21.7) Armour
 - Level 10.9(15.9) Dodging
 - Level 14.0(19.0) Shields
 - Level 4.0 Spellcasting
 - Level 7.0 Hexes
 - Level 4.0 Translocations
 - Level 11.0 Alchemy
 - Level 8.0 Invocations
 - Level 10.0 Evocations


You had 15 spell levels left.
You knew the following spells:

 Your Spells              Type           Power      Damage    Failure   Level
a - Blink                 Tloc           44%        N/A       4%          2
b - Mephitic Cloud        Conj/Alch/Air  20%        N/A       11%         3
c - Apportation           Tloc           44%        N/A       3%          1
d - Alistair's Intoxicat  Alch           34%        N/A       4%          5
e - Yara's Violent Unrav  Hex/Alch       22%        3d10      11%         5

Your spell library contained the following spells:

 Spells                   Type           Power      Damage    Failure   Level
 Sting                    Conj/Alch      100%       1d9       1%          1
 Jinxbite                 Hex            70%        N/A       1%          2
 Mercury Vapours          Alch/Air       56%        N/A       2%          2
 Confusing Touch          Hex            35%        N/A       2%          3
 Sigil of Binding         Hex            35%        N/A       2%          3
 Cause Fear               Hex            17%        N/A       9%          4
 Dazzling Flash           Conj/Hex       38%        N/A       11%         3
 Foxfire                  Conj/Fire      16%        2x1d4     16%         1
 Kiss of Death            Conj/Necr      16%        2d6       16%         1
 Magic Dart               Conj           16%        1d3       16%         1
 Necrotise                Necr           16%        1d4       16%         1
 Shock                    Conj/Air       16%        1d4       16%         1
 Dimensional Bullseye     Hex/Tloc       14%        N/A       16%         4
 Fulminant Prism          Conj/Alch      14%        3d9       16%         4
 Petrify                  Alch/Erth      28%        N/A       16%         4
 Volatile Blastmotes      Fire/Tloc      26%        2d12      21%         3
 Searing Ray              Conj           8%         2d4       24%         2
 Static Discharge         Conj/Air       8%         3-4/arc   24%         2
 Sublimation of Blood     Necr           4%         N/A       24%         2
 Manifold Assault         Tloc           22%        N/A       30%         4
 Anguish                  Hex/Necr       9%         N/A       36%         4
 Irradiate                Conj/Alch      14%        3d16      41%         5
 Swiftness                Air            4%         N/A       43%         3
 Iskenderun's Mystic Bla  Conj/Tloc      13%        2d5       56%         4
 Airstrike                Air            2%         2d(1-17)  83%         4
 Brom's Barrelling Bould  Conj/Erth      4%         2d3       83%         4
 Dispel Undead            Necr           4%         3d7       83%         4
 Fireball                 Conj/Fire      2%         3d4       99%         5
 Freezing Cloud           Conj/Ice/Air   2%         6-21      99%         5
 Iskenderun's Battlesphe  Conj           4%         2d6       99%         5
 Lee's Rapid Deconstruct  Erth           2%         3d4*      99%         5
 Dispersal                Tloc           11%        N/A       99%         6
 Conjure Ball Lightning   Conj/Air       2%         3x3d6     100%        6
 Plasma Beam              Fire/Air       2%         2x1d12    100%        6
 Starburst                Conj/Fire      2%         6d3       100%        6
 Enfeeble                 Hex            17%        N/A       100%        7
 Orb of Destruction       Conj           2%         9d5       100%        7
 Disjunction              Tloc           11%        N/A       100%        8
 Maxwell's Capacitive Co  Air            2%         ∞         100%        8
 Tukima's Dance           Hex            Unusable   N/A       N/A         3
 Summon Small Mammal      Summ           Unusable   N/A       N/A         1
 Call Imp                 Summ           Unusable   N/A       N/A         2
 Call Canine Familiar     Summ           Unusable   N/A       N/A         3
 Animate Armour           Summ/Erth      Unusable   N/A       N/A         4
 Summon Blazeheart Golem  Fire/Summ      Unusable   N/A       N/A         4
 Summon Lightning Spire   Summ/Air       Unusable   N/A       N/A         4
 Spellforged Servitor     Conj/Summ      Unusable   N/A       N/A         7

Dungeon Overview and Level Annotations

Branches:
Dungeon (15/15)            Temple (1/1) D:5            Lair (5/5) D:8
 Shoals (4/4) Lair:3        Snake (4/4) Lair:2        Slime (0/5) Lair:5
    Orc (2/2) D:12            Elf (3/3) Orc:2        Vaults (5/5) D:14
  Crypt (0/3) Vaults:3     Depths (4/4) D:15            Zot (0/5) Depths:4
  Sewer (visited)         Desolation (visited)

Altars:
Ashenzari
Cheibriados
Dithmenos
Elyvilon
Fedhas
Gozag
Hepliaklqana
Kikubaaqudgha
Makhleb
Nemelex Xobeh
Okawaru
Qazlal
Ru
Sif Muna
Trog
Uskayaw
Vehumet
Wu Jian
Xom
Yredelemnul
Zin
The Shining One
Beogh
Jiyva
Lugonu

Shops:
D:14 [   Orc:2 ?(:(   Shoals:3 ?   Snake:1 [=   Snake:4 !   Depths:1 [:=::
Depths:2 *

Portals:
Hell: Depths:1 Depths:2 Depths:3 Depths:4
Abyss: Lair:5 Depths:3 Depths:4
Pandemonium: Depths:2
Ziggurat: Depths:1

Annotations:
D:14 2 runed translucent doors
Lair:1 3 runed translucent doors, jamsaran's ghost, journeyman DgAl
Lair:2 exclusion: oklob plant
Lair:4 1 runed translucent door, exclusion: oklob plant, ShangFenghuang's ghost, journeyman DsFi
Snake:4 3 runed translucent doors, Drazool's ghost, adept CoGl; GoblinFriend's ghost, adept KoBe
Elf:2 3 runed translucent doors
Elf:3 1 runed translucent door, Livid's ghost, adept CoMo
Vaults:2 1 runed translucent door, pokeman's ghost, adept DEHW
Vaults:5 Sojobo


Innate Abilities, Weirdness & Mutations

Your spellcasting is much less encumbered by armour.
You can use scrolls of enchantment on lesser artefacts.


Message History

Things that are here:
a +1 long sword of freezing; 6 stones; a +0 plate armour
Things that are here:
a +0 battleaxe; a +0 ring mail The phantasmal warrior gestures at you.
The phantasmal warrior blinks!
The phantasmal warrior hits you!
* * * LOW HITPOINT WARNING * * *
You barely miss the phantasmal warrior.
The phantasmal warrior completely misses you.
You completely miss the phantasmal warrior.
The phantasmal warrior hits you!!
* * * LOW HITPOINT WARNING * * *
You slice the phantasmal warrior!!
The phantasmal warrior is heavily damaged.
The phantasmal warrior hits you.
* * * LOW HITPOINT WARNING * * *
Unknown command.
You feel better. The phantasmal warrior misses you.
You feel better. The phantasmal warrior hits you!
* * * LOW HITPOINT WARNING * * *
You gain the combat prowess of a mighty hero.
The phantasmal warrior hits you!!
* * * LOW HITPOINT WARNING * * *
You open the phantasmal warrior like a pillowcase!!!
You destroy the phantasmal warrior!
Okawaru accepts your kill.
You hit the vault warden but do no damage.
The vault warden hits you but does no damage.
You feel better.
The vault warden hits you with a +1 long sword of protection!
* * * LOW HITPOINT WARNING * * *
You slash the vault warden!
The vault warden is lightly wounded.
The vault warden hits you with a +1 long sword of protection!
* * * LOW HITPOINT WARNING * * *
You hit the vault warden.
The vault warden is moderately wounded.
The vault warden hits you with a +1 long sword of protection!!
You die...

#..#
#..#
#..#
#..#
#..#
#..#
#..#
#..#
#@.#
#p.#
#..#
#)†#
#).#
#..#
#..#
[..#
....#


You could see a vault warden.

Vanquished Creatures
  Frederick (Depths:4)
  A dread lich (Vaults:5)
  A juggernaut (Depths:2)
  Boris (Depths:4)
  Vashnia (Snake:3)
  Vv (Depths:4)
  Margery (Depths:4)
  Saint Roka (Snake:3)
  5 caustic shrikes (Depths:4)
  Jory (Depths:4)
  4 golden dragons
  A bone dragon (Depths:4)
  the Enchantress (Depths:2)
  2 tentacled monstrosities (Vaults:5)
  Jorgrun (D:12)
  Zenata (Elf:2)
  A hellephant (Depths:4)
  A quicksilver dragon (Depths:2)
  4 deep elf master archers (Elf:3)
  A deep elf blademaster (Elf:3)
  5 sphinxes
  Asterion (Vaults:3)
  3 titans (Vaults:5)
  5 liches
  Polyphemus (Shoals:4)
  Frances (D:14)
  6 tengu reavers
  2 storm dragons
  2 shadow dragons (Depths:4)
  5 nagarajas
  A draconian knight (Depths:4)
  8 fire giants
  3 frost giants
  7 deep elf sorcerers
  16 vault wardens
  10 deep elf elementalists
  Louise (Snake:3)
  An imperial myrmidon (Desolation)
  6 spriggan defenders
  An orc warlord (Vaults:3)
  2 angels (Vaults:3)
  2 draconian annihilators (Depths:4)
  6 formless jellyfish
  15 ironbound preservers
  18 stone giants
  7 very ugly things
  A vampire knight (Vaults:3)
  A green draconian (Depths:4)
  6 deep elf demonologists (Elf:3)
  6 ironbound thunderhulks
  9 deep elf annihilators
  2 minotaurs
  10 deep elf death magi
  2 red draconians (Depths:4)
  3 war gargoyles
  8 dire elephants
  Snorg (Lair:5)
  A purple draconian (Depths:4)
  2 spark wasps (Depths:4)
  7 merfolk impalers
  A jiangshi (Vaults:3)
  Josephine (Lair:5)
  5 ettins
  A crystal guardian (Desolation)
  4 merfolk javelineers
  15 yaktaur captains
  10 fire dragons
  3 deep elf high priests
  2 entropy weavers
  5 great orbs of eyes
  5 servants of whispers (Desolation)
  Erolcha (Orc:2)
  A hell beast (Depths:2)
  3 spriggan air magi
  6 ragged hierophants (Desolation)
  5 catoblepae
  2 ice dragons
  3 rakshasas
  4 salamander tyrants (Snake:4)
  31 vault guards
  8 peacekeepers
  14 centaur warriors
  4 merfolk avatars
  4 two-headed ogres
  11 hydras
  9 anacondas
  7 ironbound frosthearts
  2 ogre magi
  16 satyrs
  A sphinx skeleton (Vaults:1)
  4 vampire magi
  5 deep troll shamans
  10 tengu warriors
  A merfolk aquamancer (Shoals:2)
  17 dancing weapons
  17 naga warriors
  10 boulder beetles
  2 thrashing horrors (Lair:5)
  3 death yaks (Shoals:4)
  8 deep troll earth magi
  10 shock serpents
  2 spriggan berserkers
  12 naga sharpshooters
  6 skysharks
  12 deep elf knights
  6 iron trolls
  8 hell knights
  Lodul (D:14)
  9 sea snakes
  4 salamander mystics
  A glowing orange brain (Depths:2)
  A swamp dragon (shapeshifter) (Vaults:5)
  4 naga ritualists
  16 ironbound convokers
  51 deep trolls
  2 flayed ghosts
  10 arcanists
  8 deep elf archers
  7 mana vipers
  Pikel (D:8)
  14 lindwurms
  4 phantasmal warriors
  7 deep elf zephyrmancers
  9 wolf spiders (D:14)
  9 orc knights
  22 deep elf pyromancers
  25 harpies
  A frost giant zombie (Vaults:3)
  14 manticores
  10 necromancers
  37 ugly things
  24 salamanders
  7 cyclopes
  22 fauns
  2 human zombies
  8 orc sorcerers (Orc:2)
  A frost giant skeleton (Depths:1)
  Maurice (D:8)
  42 black mambas
  2 large abominations (Lair:5)
  8 merfolk sirens
  2 fire giant skeletons
  15 guardian serpents
  A molten gargoyle (Desolation)
  A kobold blastminer (Orc:2)
  14 elephants
  20 vault sentinels
  2 torpor snails
  3 water nymphs
  A stone giant skeleton (Vaults:1)
  9 naga magi
  2 gargoyles
  A yaktaur zombie (Vaults:4)
  A cane toad (shapeshifter) (D:15)
  41 yaktaurs
  3 rime drakes
  9 cane toads
  2 kobold demonologists
  An efreet (D:14)
  13 komodo dragons
  2 freezing wraiths
  An unseen horror (D:13)
  6 tengu conjurers
  A yaktaur skeleton (Vaults:5)
  6 trolls
  A troll (shapeshifter) (D:14)
  2 wind drakes
  A spriggan skeleton (Depths:1)
  A hornet (shapeshifter) (D:13)
  35 merfolk
  2 glass eyes
  44 saltlings
  12 blink frogs
  5 snapping turtles
  An iron dragon simulacrum (Vaults:2)
  3 hornets
  3 raiju (Lair:5)
  A stone giant simulacrum (Depths:1)
  7 dream sheep
  A jumping spider (shapeshifter) (D:15)
  42 slime creatures
  A spriggan (shapeshifter) (Lair:5)
  9 wraiths
  A shadow (D:11)
  5 spriggans
  3 ynoxinuls (Lair:5)
  A yak (shapeshifter) (Elf:2)
  65 yaks
  19 water elementals
  3 wyverns
  A fire elemental (Elf:1)
  2 hogs (shapeshifter)
  8 vampire mosquitoes
  2 steam dragons (D:7)
  9 basilisks
  A yaktaur simulacrum (Vaults:2)
  3 wargs
  3 chaos spawn (Lair:5)
  2 acid dragons
  A glowing shapeshifter zombie (Vaults:3)
  26 nagas
  An ogre zombie (Vaults:4)
  15 water moccasins
  3 human skeletons
  An ice beast (D:6)
  23 orc warriors
  A sky beast (D:6)
  A laughing skull (D:14)
  16 centaurs
  A deep troll simulacrum (Vaults:1)
  18 ogres
  17 wolves
  11 boggarts
  2 phantoms (D:6)
  2 lemures (D:8)
  7 kobold brigands
  12 bullfrogs
  3 gnoll sergeants
  An entropy weaver simulacrum (Vaults:2)
  3 human simulacra
  5 small abominations (Lair:5)
  3 wights (D:8)
  13 killer bees (D:8)
  4 howler monkeys
  3 electric eels
  15 orc priests
  A bombardier beetle (D:7)
  3 jellies
  A gnoll bouda (D:3)
  2 hounds
  3 iguanas
  Jessica (D:3)
  40 orc wizards
  19 gnolls
  11 adders
  10 river rats (Sewer)
  A shadow imp (D:6)
  A white imp (D:4)
  3 dart slugs
  A ribbon worm (D:4)
  82 orcs
  10 ball pythons
  6 bats
  3 endoplasms
  5 giant cockroaches
  7 goblins
  11 hobgoblins
  3 jackals
  2 quokkas
  3 frilled lizards
  38 kobolds
  31 rats
  A spectral hobgoblin (D:9)
  A spectral kobold (D:2)
  A butterfly (Lair:2)
1891 creatures vanquished.

Vanquished Creatures (collateral kills)
  An ironbound preserver (Vaults:3)
1 creature vanquished.

Vanquished Creatures (others)
  Donald (Snake:3)
  A frost giant (Depths:3)
  A deep elf elementalist (Elf:3)
  An ironbound preserver (Vaults:3)
  A salamander tyrant (Snake:2)
  An obsidian statue (Snake:2)
  A vault sentinel (Vaults:5)
  2 yaktaurs
  2 water elementals
  A naga (Snake:4)
  A boggart (D:14)
13 creatures vanquished.

Grand Total: 1905 creatures vanquished

Notes
Turn   | Place    | Note
-------+----------+-------------------------------------------
     0 | D:1      | Strat the Mountain Dwarf Fighter began the quest for the
                  | Orb.
     0 | D:1      | Reached XP level 1. HP: 19/19 MP: 1/1
    99 | D:1      | Reached XP level 2. HP: 25/26 MP: 2/2
   326 | D:1      | Reached XP level 3. HP: 29/31 MP: 3/3
   496 | D:2      | Found a snail-covered altar of Cheibriados.
   960 | D:2      | Found a faded altar of an unknown god.
  1318 | D:3      | Found a stormy altar of Qazlal.
  1320 | D:3      | Reached skill level 5 in Axes
  1416 | D:3      | Reached XP level 4. HP: 34/38 MP: 4/4
  1635 | D:3      | Noticed Jessica
  2087 | D:3      | Reached XP level 5. HP: 28/45 MP: 5/5
  2714 | D:3      | Killed Jessica
  2715 | D:3      | Reached skill level 4 in Fighting
  2825 | D:3      | Reached XP level 6. HP: 50/52 MP: 6/6
  3181 | D:4      | Noticed an orc warrior
  3667 | D:4      | Killed an orc warrior
  3668 | D:4      | Reached skill level 5 in Fighting
  3668 | D:4      | Reached skill level 5 in Armour
  3668 | D:4      | Reached XP level 7. HP: 43/61 MP: 7/7
  3835 | D:4      | Noticed a yak
  3856 | D:4      | Killed a yak
  3971 | D:4      | Noticed a yak
  3971 | D:4      | Noticed a yak
  3972 | D:4      | Noticed a yak
  3972 | D:4      | Noticed a yak
  3973 | D:4      | Noticed a yak
  3979 | D:4      | Killed a yak
  3988 | D:4      | Killed a yak
  3989 | D:4      | Reached skill level 10 in Axes
  3989 | D:4      | Reached XP level 8. HP: 47/68 MP: 8/8
  4225 | D:5      | Entered Level 5 of the Dungeon
  4612 | D:5      | Reached skill level 6 in Fighting
  4690 | D:5      | Found a glowing drain.
  4699 | Sewer    | Entered a sewer
  4844 | Sewer    | Reached XP level 9. HP: 65/75 MP: 9/9
  5347 | D:5      | Found a staircase to the Ecumenical Temple.
  5367 | D:5      | Found a snail-covered altar of Cheibriados.
  6115 | D:6      | Reached skill level 7 in Fighting
  6247 | Temple   | Entered the Ecumenical Temple
  6265 | Temple   | Became a worshipper of Warmaster Okawaru
  6291 | D:6      | Identified 3 scrolls of acquirement
  6291 | D:6      | Acquired the amulet of Zivuoqegiz {Faith rCorr Int+4 Dex+3}
  6304 | D:6      | Acquired a manual of Axes
  6307 | D:6      | Acquired 789 gold pieces
  6738 | D:7      | Reached * piety under Okawaru
  7528 | D:8      | Noticed Pikel
  7551 | D:8      | Killed Pikel
  7551 | D:8      | Reached ** piety under Okawaru
  7552 | D:8      | Reached skill level 8 in Fighting
  7552 | D:8      | Reached XP level 10. HP: 83/88 MP: 10/10
  7594 | D:8      | Acquired the +11 plate armour of the Forest {Will++ Stlth+}
  7659 | D:8      | Found a shimmering altar of Xom.
  7678 | D:8      | Found an opulent altar of Gozag.
  7683 | D:8      | Found a blossoming altar of Fedhas.
  7776 | D:8      | Reached skill level 15 in Axes
  8249 | D:8      | Noticed Maurice
  8297 | D:8      | Reached *** piety under Okawaru
  8303 | D:8      | Killed Maurice
  8349 | D:8      | Found a staircase to the Lair.
  8356 | D:8      | Got the Guide on Beaming Displacement
  8366 | D:8      | Reached skill level 9 in Fighting
  8865 | D:9      | Found a hazy altar of Hepliaklqana.
  8924 | D:9      | Noticed a two-headed ogre
  8930 | D:9      | Killed a two-headed ogre
  8930 | D:9      | Reached **** piety under Okawaru
  9047 | D:9      | Reached skill level 10 in Fighting
  9047 | D:9      | Reached skill level 10 in Armour
  9049 | D:9      | Reached skill level 1 in Invocations
  9061 | D:9      | Reached ***** piety under Okawaru
  9226 | D:9      | Reached XP level 11. HP: 84/99 MP: 11/13
  9333 | D:10     | Entered Level 10 of the Dungeon
 10143 | D:10     | Noticed a two-headed ogre
 10155 | D:10     | Killed a two-headed ogre
 10155 | D:10     | Received a gift from Okawaru
 10156 | D:10     | Reached skill level 5 in Invocations
 10748 | D:11     | Noticed an orc knight
 10776 | D:11     | Killed an orc knight
 11010 | D:11     | Noticed a two-headed ogre
 11017 | D:11     | Killed a two-headed ogre
 11535 | D:12     | Received a gift from Okawaru
 11751 | D:12     | Noticed a boulder beetle
 11767 | D:12     | Killed a boulder beetle
 11768 | D:12     | Reached skill level 1 in Evocations
 12127 | D:12     | Reached ****** piety under Okawaru
 12129 | D:12     | Acquired the +11 battleaxe of Oozing Pus {heavy, rF+ rC+
                  | Dex+7}
 12129 | D:12     | Received a gift from Okawaru
 12137 | D:12     | Acquired the +2 pair of gloves of Avant Garde Brilliance
                  | {rElec rF- Int+8 Stlth+}
 12137 | D:12     | Received a gift from Okawaru
 12298 | D:12     | Received a gift from Okawaru
 12299 | D:12     | Reached skill level 11 in Fighting
 12299 | D:12     | Reached XP level 12. HP: 110/110 MP: 18/18
 12455 | D:12     | Found a portal to a secret trove of treasure.
 12654 | D:12     | Found a staircase to the Orcish Mines.
 13157 | D:13     | Noticed a centaur warrior
 13161 | D:13     | Killed a centaur warrior
 13294 | D:13     | Identified the maw talisman "Doixot Peluw" {rC+ rN+ rCorr}
 13302 | D:13     | Noticed a four-headed hydra
 13409 | D:13     | Killed a six-headed hydra
 13457 | D:13     | Received a gift from Okawaru
 13461 | D:13     | Noticed a centaur warrior
 13469 | D:13     | Killed a centaur warrior
 13479 | D:13     | Noticed a boulder beetle
 13485 | D:13     | Reached skill level 5 in Evocations
 13523 | D:13     | Noticed a yaktaur captain
 13647 | Lair:1   | Entered Level 1 of the Lair of Beasts
 13665 | Lair:1   | Reached skill level 12 in Fighting
 13685 | Lair:1   | Received a gift from Okawaru
 14034 | Lair:2   | Reached skill level 13 in Fighting
 14040 | Lair:2   | Received a gift from Okawaru
 14361 | Lair:2   | Learned a level 2 spell: Blink
 14365 | Lair:2   | Learned a level 3 spell: Mephitic Cloud
 14393 | Lair:2   | Found a staircase to the Snake Pit.
 14448 | Lair:2   | Reached XP level 13. HP: 123/123 MP: 19/19
 14554 | Lair:2   | Reached skill level 1 in Alchemy
 14872 | Lair:2   | Received a gift from Okawaru
 15027 | Lair:1   | Reached skill level 14 in Fighting
 15234 | Lair:1   | Received a gift from Okawaru
 15601 | Lair:1   | Found a runed translucent gate.
 15601 | Lair:1   | Found a runed translucent gate.
 15602 | Lair:1   | Found a runed translucent gate.
 15604 | Lair:1   | Noticed jamsaran's ghost (journeyman DgAl)
 15884 | Lair:1   | Found a viscous altar of Jiyva.
 15996 | Lair:3   | Received a gift from Okawaru
 16010 | Lair:3   | Reached skill level 15 in Fighting
 16668 | Lair:3   | Found a staircase to the Shoals.
 16823 | Lair:3   | Received a gift from Okawaru
 17027 | Lair:3   | Reached XP level 14. HP: 108/135 MP: 20/20
 17265 | Lair:4   | Learned a level 1 spell: Apportation
 17271 | Lair:4   | Learned a level 5 spell: Alistair's Intoxication
 17444 | Lair:4   | Received a gift from Okawaru
 17733 | Lair:4   | Found a runed translucent door.
 17736 | Lair:4   | Identified the +9 spear of the Kissing Butterfly {drain,
                  | rPois}
 17738 | Lair:4   | Found the +5 glaive of the Guard {elec, spectral}
 17739 | Lair:4   | Noticed ShangFenghuang's ghost (journeyman DsFi)
 18184 | Lair:5   | Entered Level 5 of the Lair of Beasts
 18195 | Lair:5   | Found a viscous altar of Jiyva.
 18195 | Lair:5   | Found a staircase to the Slime Pits.
 18431 | Lair:5   | Noticed Josephine
 18435 | Lair:5   | Noticed Snorg
 18438 | Lair:5   | Killed Josephine
 18454 | Lair:5   | Killed Snorg
 18455 | Lair:5   | Reached skill level 16 in Fighting
 18572 | Lair:5   | Reached skill level 5 in Alchemy
 18902 | Lair:5   | Received a gift from Okawaru
 19334 | Lair:5   | Received a gift from Okawaru
 19816 | Lair:5   | Received a gift from Okawaru
 19828 | Lair:5   | Found a corrupted altar of Lugonu.
 19828 | Lair:5   | Found a one-way gate to the infinite horrors of the Abyss.
 19828 | Lair:5   | Found the amulet of Vitality {RegenMP++ Regen++}
 19902 | Lair:5   | Reached XP level 15. HP: 145/145 MP: 21/21
 20137 | Orc:1    | Entered Level 1 of the Orcish Mines
 20137 | Orc:1    | Noticed Jorgrun
 20152 | D:12     | Killed Jorgrun
 20344 | Orc:2    | Entered Level 2 of the Orcish Mines
 20477 | Orc:2    | Found a roughly hewn altar of Beogh.
 20579 | Orc:2    | Found a staircase to the Elven Halls.
 20897 | Orc:2    | Received a gift from Okawaru
 21021 | Orc:2    | Reached skill level 17 in Fighting
 21032 | Orc:2    | Found Xucajiha's Antique Weapon Boutique.
 21092 | Orc:2    | Found an ancient bone altar of Kikubaaqudgha.
 21107 | Orc:2    | Found Ypsismues's Book Boutique.
 21126 | Orc:2    | Noticed Erolcha
 21153 | Orc:2    | Killed Erolcha
 21154 | Orc:2    | Reached skill level 1 in Throwing
 21154 | Orc:2    | Reached XP level 16. HP: 155/155 MP: 11/22
 21238 | Orc:2    | Found a radiant altar of Vehumet.
 21262 | Orc:2    | Found Hafeary's Magic Scroll Shop.
 21269 | Orc:2    | Bought a scroll of teleportation for 42 gold pieces
 21269 | Orc:2    | Bought a scroll of teleportation for 42 gold pieces
 21269 | Orc:2    | Bought a scroll of blinking for 105 gold pieces
 21311 | Orc:2    | Found a roughly hewn altar of Beogh.
 21364 | Orc:2    | Found Semaite's Antique Weapon Shop.
 21903 | D:13     | Received a gift from Okawaru
 22592 | D:14     | Noticed Lodul
 22605 | D:14     | Killed Lodul
 22764 | D:14     | Noticed Frances
 22931 | D:14     | Found a runed translucent door.
 22936 | D:14     | Found a runed translucent gate.
 22938 | D:14     | Found a runed translucent gate.
 22938 | D:14     | Found a runed translucent gate.
 23003 | D:14     | Killed Frances
 23151 | D:14     | Found Zattayte's Armour Emporium.
 23502 | D:14     | Found the +9 staff of Olgreb {rPois∞}
 23508 | D:14     | Received a gift from Okawaru
 23835 | D:14     | Found a runed translucent door.
 23857 | D:14     | Reached skill level 15 in Armour
 24495 | D:14     | Received a gift from Okawaru
 24509 | D:14     | Found a gate to the Vaults.
 25002 | D:15     | Entered Level 15 of the Dungeon
 25051 | D:15     | Found a shadowy altar of Dithmenos.
 25266 | D:15     | Received a gift from Okawaru
 25283 | D:15     | Reached skill level 18 in Fighting
 25657 | D:15     | Reached skill level 5 in Throwing
 25845 | D:15     | Found a white marble altar of Elyvilon.
 26177 | D:15     | Reached skill level 10 in Alchemy
 26457 | D:15     | Received a gift from Okawaru
 26476 | D:15     | Found a staircase to the Depths.
 26987 | Snake:1  | Entered Level 1 of the Snake Pit
 27694 | Snake:1  | Reached skill level 1 in Dodging
 27694 | Snake:1  | Reached XP level 17. HP: 116/166 MP: 23/23
 27997 | Snake:1  | Found Kysism's Jewellery Boutique.
 28072 | Snake:1  | Found Ololisib's Antique Armour Shop.
 28274 | Snake:2  | Received a gift from Okawaru
 28324 | Snake:2  | Found a transporter.
 29132 | Snake:2  | Found a transporter.
 29412 | Snake:2  | Learned a level 5 spell: Yara's Violent Unravelling
 29423 | Snake:3  | Reached skill level 19 in Fighting
 29442 | Snake:3  | Received a gift from Okawaru
 29648 | Snake:3  | Reached skill level 1 in Hexes
 29652 | Snake:3  | Noticed Vashnia
 29734 | Snake:3  | Killed Vashnia
 30264 | Snake:3  | Noticed Louise
 30273 | Snake:3  | Killed Louise
 30446 | Snake:3  | Noticed Saint Roka
 30467 | Snake:3  | Killed Saint Roka
 30467 | Snake:3  | Received a gift from Okawaru
 30471 | Snake:3  | Noticed Donald
 30495 | Snake:3  | Killed Donald
 31202 | Snake:4  | Entered Level 4 of the Snake Pit
 31817 | Snake:4  | Received a gift from Okawaru
 32074 | Snake:4  | Found a runed translucent gate.
 32075 | Snake:4  | Found a runed translucent gate.
 32075 | Snake:4  | Found a runed translucent gate.
 32079 | Snake:4  | Noticed Drazool's ghost (adept CoGl)
 32079 | Snake:4  | Noticed GoblinFriend's ghost (adept KoBe)
 32172 | Snake:4  | Found Coxunejo's Distillery.
 32175 | Snake:4  | Bought a potion of curing for 42 gold pieces
 32175 | Snake:4  | Bought a potion of haste for 140 gold pieces
 32175 | Snake:4  | Bought a potion of might for 56 gold pieces
 32811 | Snake:4  | Received a gift from Okawaru
 32888 | Snake:4  | Reached skill level 5 in Dodging
 32918 | Snake:4  | Reached skill level 5 in Hexes
 33101 | Snake:4  | Reached XP level 18. HP: 58/178 MP: 24/24
 33926 | Snake:4  | Reached skill level 20 in Fighting
 34037 | Snake:4  | Received a gift from Okawaru
 34038 | Snake:4  | Reached skill level 1 in Translocations
 34162 | Snake:4  | Got a serpentine rune of Zot
 35177 | Shoals:1 | Entered Level 1 of the Shoals
 35659 | Shoals:1 | Found a white marble altar of Elyvilon.
 35780 | Shoals:1 | Received a gift from Okawaru
 37762 | Shoals:3 | Identified the +1 trident "Ultimatum" {freeze, rN+ Will++
                  | Str+2}
 37832 | Shoals:4 | Entered Level 4 of the Shoals
 37838 | Shoals:3 | Reached skill level 10 in Throwing
 38425 | Shoals:3 | Reached skill level 5 in Shields
 38868 | Shoals:3 | Identified the ring of Wu Jian's Inspiration {^Drain Fly
                  | rF+++ rN++ Dex-2}
 39391 | Shoals:3 | Found Utuaqowa's Magic Scroll Shoppe.
 39406 | Shoals:3 | Bought a scroll of teleportation for 39 gold pieces
 39406 | Shoals:3 | Bought a scroll of poison for 52 gold pieces
 39463 | Shoals:3 | Received a gift from Okawaru
 40815 | Shoals:4 | Received a gift from Okawaru
 41231 | Shoals:4 | Identified the +5 pair of boots of Demons {-Cast rElec
                  | Regen+}
 42113 | Shoals:4 | Reached skill level 10 in Shields
 42499 | Shoals:4 | Reached XP level 19. HP: 132/185 MP: 25/25
 42745 | Shoals:3 | Received a gift from Okawaru
 43796 | Shoals:4 | Noticed Polyphemus
 43847 | Shoals:4 | Killed Polyphemus
 43933 | Shoals:4 | Received a gift from Okawaru
 44446 | Shoals:4 | Got a barnacled rune of Zot
 44921 | Vaults:1 | Entered Level 1 of the Vaults
 45782 | Vaults:1 | Received a gift from Okawaru
 46564 | Vaults:1 | Paralysed by a formless jellyfish for 1 turns
 47101 | Vaults:1 | Received a gift from Okawaru
 48241 | Vaults:2 | Received a gift from Okawaru
 48867 | Vaults:2 | Found a runed translucent door.
 48870 | Vaults:2 | Noticed pokeman's ghost (adept DEHW)
 49154 | Vaults:2 | Reached XP level 20. HP: 183/195 MP: 26/26
 49337 | Vaults:2 | Received a gift from Okawaru
 49792 | Vaults:2 | Reached skill level 21 in Fighting
 50495 | Vaults:3 | Received a gift from Okawaru
 50969 | Vaults:3 | Found a crumbling gateway.
 51236 | Vaults:3 | Found a glowing silver altar of Zin.
 51236 | Vaults:3 | Found a white marble altar of Elyvilon.
 51236 | Vaults:3 | Found a glowing golden altar of the Shining One.
 51250 | Desolati | Entered the Desolation of Salt
 51481 | Desolati | Received a gift from Okawaru
 51704 | Desolati | Received a gift from Okawaru
 52044 | Vaults:3 | Reached skill level 10 in Dodging
 53067 | Vaults:3 | Received a gift from Okawaru
 53438 | Vaults:3 | Reached skill level 1 in Spellcasting
 53881 | Vaults:3 | Reached XP level 21. HP: 186/202 MP: 18/27
 53883 | Vaults:3 | Reached skill level 22 in Fighting
 53935 | Vaults:3 | Received a gift from Okawaru
 54134 | Vaults:3 | Found a staircase to the Crypt.
 54476 | Vaults:3 | Noticed Asterion
 54504 | Vaults:3 | Killed Asterion
 55481 | Vaults:4 | Received a gift from Okawaru
 57892 | Vaults:2 | Received a gift from Okawaru
 58166 | Elf:1    | Entered Level 1 of the Elven Halls
 58338 | Elf:1    | Reached skill level 10 in Evocations
 58828 | Elf:1    | Found a radiant altar of Vehumet.
 59367 | Elf:2    | Noticed Zenata
 59392 | Elf:2    | Killed Zenata
 59621 | Elf:2    | Received a gift from Okawaru
 59738 | Elf:2    | Acquired 958 gold pieces
 59999 | Elf:2    | Found a runed translucent gate.
 60000 | Elf:2    | Found a runed translucent gate.
 60000 | Elf:2    | Found a runed translucent gate.
 60318 | Elf:3    | Entered Level 3 of the Elven Halls
 60472 | Elf:3    | Found a runed translucent door.
 60474 | Elf:3    | Noticed Livid's ghost (adept CoMo)
 60730 | Elf:3    | Reached skill level 23 in Fighting
 61018 | Elf:3    | Received a gift from Okawaru
 61253 | Elf:3    | Reached XP level 22. HP: 198/220 MP: 22/28
 61258 | Elf:3    | Identified the ring "Neifuid" {rN+ MP+9}
 62920 | Elf:3    | Identified the +0 scale mail of Compression {Will++ Str+3}
 63001 | Elf:3    | Reached skill level 24 in Fighting
 63256 | Elf:3    | Identified the ring of Lorriako {rC+ Will+}
 63308 | Elf:3    | Received a gift from Okawaru
 63512 | Elf:3    | Identified the +5 quarterstaff of Emnush {pain, rF- rN++
                  | Will+ SInv}
 64542 | Snake:2  | Identified the ring "Aleux" {rN+ MP-9 AC+4 Str+2 Dex+2}
 64930 | Depths:1 | Entered Level 1 of the Depths
 65133 | Depths:1 | Identified the +0 hat of the Blind Marksman {rPois Int-4
                  | Dex+2}
 65783 | Depths:1 | Identified the granite talisman of the Saviour {rC+ rCorr
                  | Str+2 Slay+3}
 65857 | Depths:1 | Reached skill level 25 in Fighting
 66028 | Depths:1 | Found Qocolou's Book Shop.
 66028 | Depths:1 | Found Socey's Jewellery Shoppe.
 66030 | Depths:1 | Found Seph's Book Shop.
 66082 | Depths:1 | Found a one-way gateway to a ziggurat.
 66106 | Depths:1 | Found Tutsuti's Book Shoppe.
 66261 | Depths:1 | Found Kufuak's Armour Shop.
 66323 | Depths:1 | Found a gateway to Hell.
 66415 | Depths:1 | Received a gift from Okawaru
 66465 | Depths:1 | Found a blossoming altar of Fedhas.
 66971 | D:12     | You paid a toll of a +7 demon whip to enter a treasure
                  | trove
 66972 | Trove    | Entered a treasure trove
 66974 | Trove    | Found a bloodstained altar of Trog.
 66988 | Trove    | Identified the +5 mace of Grontol {venom, ^Drain rF+++
                  | Will+ Stlth+}
 66996 | Trove    | Identified the +9 falchion "Bionudy" {flame, rC+ Int+3}
 66999 | Trove    | Identified the +3 executioner's axe of Gegiena {freeze,
                  | rElec MP+9 Str+2 Int+3}
 67001 | Trove    | Identified the +2 hand axe of the Pariah {freeze, Fly}
 67002 | Trove    | Identified the +8 orcbow "Seixzucu" {flame, Str+5}
 67023 | Trove    | Identified the +6 quarterstaff "Embalmer" {pain, *Noise
                  | *Slow Str+3 Dex+4}
 67025 | Trove    | Identified the +10 war axe of the Fabulous God {heavy,
                  | Str+3}
 67028 | Trove    | Identified the +4 long sword of Xuban {flame, rF+}
 67918 | Depths:2 | Noticed a juggernaut
 68055 | Depths:2 | Received a gift from Okawaru
 68157 | Depths:2 | Killed a juggernaut
 68579 | Depths:2 | Noticed the Enchantress
 68982 | Depths:2 | Found Futzain's Pet Rocks.
 69383 | Depths:2 | Killed the Enchantress
 69383 | Depths:2 | Received a gift from Okawaru
 69521 | Depths:2 | Found a one-way gate leading to the halls of Pandemonium.
 69788 | Depths:3 | Reached XP level 23. HP: 185/234 MP: 29/29
 70729 | Depths:3 | Found an iron altar of Okawaru.
 71061 | Depths:4 | Entered Level 4 of the Depths
 71221 | Depths:4 | Identified the orb "Qiebuhek" {*channel, *Corrode rPois
                  | Slay-6 Air}
 71221 | Depths:4 | Noticed Frederick
 71234 | Depths:4 | Noticed a caustic shrike
 71236 | Depths:4 | Killed Frederick
 71243 | Depths:4 | Killed a caustic shrike
 71243 | Depths:4 | Received a gift from Okawaru
 71409 | Depths:4 | Noticed a caustic shrike
 71414 | Depths:4 | Noticed a caustic shrike
 71426 | Depths:4 | Noticed Jory
 71447 | Depths:4 | Killed Jory
 71585 | Depths:4 | Noticed a caustic shrike
 71594 | Depths:4 | Killed a caustic shrike
 71667 | Depths:4 | Noticed a caustic shrike
 71679 | Depths:4 | Killed a caustic shrike
 71848 | Depths:4 | Identified the +4 robe of the Tick {Str-3 Int+3 Dex+4}
 71848 | Depths:4 | Noticed Boris
 71860 | Depths:4 | Killed Boris
 72190 | Depths:4 | Killed a caustic shrike
 72193 | Depths:4 | Noticed Margery
 72214 | Depths:4 | Killed Margery
 72226 | Depths:4 | Received a gift from Okawaru
 72497 | Depths:4 | Noticed Vv
 72638 | Depths:4 | Killed Vv
 73144 | Depths:4 | Killed a caustic shrike
 73209 | Depths:4 | Received a gift from Okawaru
 73218 | Depths:4 | Found a gate to the Realm of Zot.
 73968 | Vaults:5 | Entered Level 5 of the Vaults
 74392 | Vaults:5 | Noticed a dread lich
 74726 | Vaults:5 | Noticed an ancient lich
 74731 | Vaults:5 | Noticed a dread lich
 74735 | Vaults:5 | Killed a dread lich
 74783 | Vaults:5 | Received a gift from Okawaru
 74821 | Vaults:5 | Reached XP level 24. HP: 117/245 MP: 29/29
 74872 | Vaults:5 | Reached skill level 26 in Fighting
 75182 | Vaults:5 | Received a gift from Okawaru
 75287 | Vaults:5 | Identified the ring of Tumutuceg {rF+ rC- rN+ Will+}
 75327 | Vaults:5 | Noticed Sojobo
 75397 | Vaults:5 | HP: 6/245 [vault warden/+1 long sword of protection (9)]
 75398 | Vaults:5 | Demolished by a vault warden

Illustrated notes

Levels and vault maps discovered:
D:1:      spicycebolla_arrival_xxxplode, layout_basic
D:2:      layout_loops_ring, basic_altar,
          dreamdust_ecumenical_altar_drowned_temple, chequers_garden,
          minmay_misc_feat_iff
D:3:      kennysheep_big_flooded_room, layout_basic, old_standard_altar,
          serial_rivers, chequers_serial_rivers_marsh,
          chequers_serial_rivers_micro_a, chequers_serial_rivers_small_b,
          chequers_serial_rivers_micro_e, chequers_serial_rivers_micro_d,
          minmay_randomly_rotated_circles, uniq_jessica
D:4:      layout_loops_ring
D:5:      layout_cave_pools, lemuel_doored_altar,
          minmay_temple_entry_from_below_a, portal_sewer_entry_d,
          nicolae_concentric_dashed_squares_wild, minmay_door_square
D:6:      layout_basic, nrook_campfire, kennysheep_decorative_pillar,
          nicolae_twisty_statue_hallways
D:7:      layout_basic
D:8:      layout_basic, minitemple, erik_lair_orcish_takeover, eino_jars,
          uniq_maurice, uniq_pikel
D:9:      layout_cross, nicolae_hepliaklqana_monster_ancestors
D:10:     layout_loops_corners, minmay_misc_feat_more_columns,
          dreamdust_princess_bridge
D:11:     nicolae_cairo_tiling_very_big, layout_loops_ring, special_room
          [special_room_orc]
D:12:     layout_stronghold, orc_0_dummy, nicolae_trove_entry_crossroad
D:13:     kennysheep_scales, layout_loops_corners
D:14:     layout_basic, david_vaults_5, serial_bayou_shore_a, serial_shops,
          nicolae_shop_advertising_works [nicolae_subvault_shop_adworks],
          minmay_guarded_unrand_staff_of_olgreb, uniq_frances, uniq_lodul
D:15:     gammafunk_enter_depths_forms, layout_grid_maze, elyvilon_altar_3,
          nicolae_dithmenos_the_darkroom
Temple:   nicolae_temple_elliptical
Lair:1:   layout_roguey, gammafunk_ghost_ooze, infiniplex_staircase_pool_2,
          grunt_megastairs_1
Lair:2:   layout_misc_corridors, nicolae_snake_entry_squirm,
          minmay_shattered_shrine, lemuel_fruit_fields
Lair:3:   layout_roguey, minmay_shoals_entry_lonely_mermaid, serial_bayou_pond_d
Lair:4:   layout_hall_layers, ebering_ghost_funeral_grove, grunt_megastairs_4
Lair:5:   hellmonk_lair_end_abyssal_woods, layout_long_grid, slime_entry_1,
          portal_ice_cave_entry_pillars_1, infiniplex_staircase_pool,
          uniq_josephine, uniq_snorg
Shoals:1: layout_shoals, lemuel_centaur_altar
Shoals:2: layout_shoals, nicolae_shoals_former_cling_halls
Shoals:3: layout_shoals, serial_shops, shop
Shoals:4: shoals_end_hellmonk_lost_city, uniq_polyphemus
Snake:1:  layout_basic, serial_library_hellmonk_double_dead_end, drop_trap,
          minmay_shoptagon, lemuel_fruit_tree
Snake:2:  gammafunk_sealed_arena, layout_concentric_octagons, grunt_ministairs_1
Snake:3:  layout_basic, nicolae_triple_integral, uniq_saint_roka, uniq_louise,
          uniq_vashnia, uniq_donald
Snake:4:  grunt_snake_rune_pools, layout_cave_town, gammafunk_ghost_cemetery,
          minmay_shop_star, grunt_megastairs_5
Orc:1:    layout_caves, uniq_jorgrun, uniq_sonja
Orc:2:    kennysheep_orc_mage_school, layout_diamond_mine,
          nicolae_orc_beogh_chapel
Elf:1:    eino_elf_arrival_shootout, layout_geoelf_octagon, basic_altar,
          minivault_28
Elf:2:    nicolae_elf_blades_crystal_corner, layout_loops_cross,
          serial_library_hellmonk_hallway_a, uniq_zenata
Elf:3:    nooodl_elf_gasket, layout_geoelf_diagonals, ebering_ghost_inner_flame
Vaults:1: nicolae_vaults_closet_pinwheel_2, hangedman_vaults_snaps,
          nicolae_vaults_trapezoid_lopsided_3, nicolae_vaults_little_squares_1,
          ontoclasm_vaults_shout, nicolae_vaults_shrinking_rooms_1, v_misc_13,
          nicolae_vaults_shrinking_rooms_2, nicolae_vaults_angled_halls,
          nicolae_vaults_yaktaur_gun_rack, nicolae_vaults_mini_display_case,
          nicolae_vaults_shelves_hall, layout_vaults_omnibox
Vaults:2: hellmonk_ghost_happy_afterlife, nicolae_vaults_big_angled_halls,
          nicolae_vaults_little_ls, nicolae_vaults_trapezoid_2,
          hangedman_vaults_variations, nicolae_vaults_security_offices_1,
          v_pattern_1, v_alt_pattern_5, ontoclasm_vaults_ligature,
          vaults_room_fancy_cross, nicolae_vaults_octothorpe,
          layout_vaults_big_room
Vaults:3: portal_desolation_entry_holy_temple, lightli_orcish_oven,
          nicolae_vaults_closet_pinwheel_4, st_smaller_cells,
          minmay_crypt_entry_simple_statues, hangedman_vaults_nodes, v_misc_18,
          vaults_room_grid, vaults_standard_mumra_enter_the_diamond, v_misc_31,
          vaults_dpeg_encased_lava, nicolae_vaults_storage_room_water,
          nicolae_vaults_diamond_1, layout_vaults_omnicross, uniq_asterion
Vaults:4: grunt_vaults_hallway_long, nicolae_vaults_tangram_2,
          vaults_mumra_minichess, nicolae_vaults_little_squares_2,
          v_alt_pattern_1, vaults_dpeg_doors, v_misc_28,
          nicolae_vaults_apartment_1, layout_vaults_quadrants
Vaults:5: uniq_sojobo
Depths:1: layout_small_grid, enter_ziggurat_e,
          amcnicky_mini_rare_corridor_liquid, serial_shops,
          nicolae_shop_tiny_waterfront, shop, pf_hell_entry_great_geh,
          fedhas_altar_1, minmay_shop_grove
Depths:2: minmay_bloctagon_deflated, layout_cave_pools, hangedman_coc_ice_floe,
          wad_floor_pattern_untrapped, rand_demon_pan_entry_3,
          guppyfry_shop_earth, serial_bayou_shore_b,
          infiniplex_staircase_door_maze, serial_bayou_shore_b, uniq_enchantress
Depths:3: nicolae_BIG_FREAKIN_CUBE, layout_gridlike,
          hangedman_abyss_entry_splay, hell_entry, okawaru_altar_gauntlet_db
Depths:4: grunt_zot_entry_bicorn, layout_small_grid, columned_hall_lemuel,
          abyss_entry, hell_entry, minmay_mirror_moons_of_madness,
          uniq_frederick, uniq_margery, uniq_vv, uniq_jory, uniq_boris

Skill      XL: |  1  2  3  4  5  6  7  8  9 10 11 12 13 14 15 16 17 18 19 20 21 22 23 24 |
---------------+-------------------------------------------------------------------------+-----
Axes           | 3 4 5 6 7 10 11 14 15 18 20 22 24 25 | 25.1
Armour         | 4 5 6 8 10 12 14 15 16 | 16.7
Fighting       | 4 5 6 8 10 11 13 15 16 17 18 19 20 21 23 25 26 | 26.1
Invocations    | 2 8 |  8.0
Evocations     | 2 5 8 10 | 10.0
Shields        | 4 10 14 | 14.0
Alchemy        | 4 7 8 10 11 | 11.0
Throwing       | 1 6 8 10 11 12 | 12.0
Dodging        | 1 5 6 8 10 | 10.9
Hexes          | 5 7 |  7.0
Translocations | 4 |  4.0
Spellcasting   | 1 4 |  4.0

Action                     |  1- 3 |  4- 6 |  7- 9 | 10-12 | 13-15 | 16-18 | 19-21 | 22-24 || total
---------------------------+-------+-------+-------+-------+-------+-------+-------+-------++-------
  Melee: War axe           |    89 |    33 |       |       |       |       |       |       ||   122
         Broad axe         |       |   101 |   294 |   408 |       |   540 |  2116 |   198 ||  3657
         Battleaxe         |       |       |       |   137 |   491 |   793 |       |   442 ||  1863
         Executioner's axe |       |       |       |       |       |       |       |   362 ||   362
  Throw: Javelin           |       |       |       |       |    11 |    37 |     3 |     1 ||    52
   Cast: Alistair's Intoxi |       |       |       |       |     1 |    21 |    57 |    20 ||    99
         Mephitic Cloud    |       |       |       |       |       |     4 |    27 |    52 ||    83
         Yara's Violent Un |       |       |       |       |       |     4 |    10 |    37 ||    51
         Blink             |       |       |       |       |       |     3 |     1 |       ||     4
         Apportation       |       |       |       |       |       |     1 |       |       ||     1
 Invoke: Receive Weapon    |       |       |       |     1 |       |       |       |       ||     1
         Receive Armour    |       |       |       |     1 |       |       |       |       ||     1
         Heroism           |       |       |       |       |     1 |     9 |    13 |    10 ||    33
         Finesse           |       |       |       |       |       |     1 |     7 |     2 ||    10
  Evoke: Wand              |       |       |       |     3 |     2 |     8 |     5 |     3 ||    21
         Condenser vane    |       |       |       |       |       |       |       |     1 ||     1
    Use: Scroll            |       |     1 |     3 |    16 |    18 |    11 |    11 |    24 ||    84
         Potion            |       |     1 |       |     2 |     1 |    19 |    12 |    12 ||    47
   Stab: Confused          |       |       |       |       |       |     3 |    30 |    38 ||    71
         Petrified         |       |       |       |       |       |       |     8 |       ||     8
         Distracted        |       |       |       |       |       |       |     1 |     1 ||     2
         Invisible         |       |       |       |       |       |       |     5 |     4 ||     9
 Armour: Scale mail        |    61 |   120 |       |       |       |       |       |       ||   181
         Plate armour      |       |       |   184 |   535 |   740 |  2018 |  1754 |  1046 ||  6277
  Dodge: Dodged            |    42 |    77 |    46 |   138 |   218 |   614 |   476 |   946 ||  2557
  Block: Buckler           |    19 |    35 |    97 |    53 |       |       |       |       ||   204
         Reflection        |       |       |     1 |       |       |    50 |    68 |    18 ||   137
         Kite shield       |       |       |       |       |       |   285 |  1035 |    98 ||  1418

Table legend: (Time is in decaauts)
 A = Elapsed time spent in this place.
 B = Non-inter-level travel time spent in this place.
 C = Inter-level travel time spent in this place.
 D = Time resting spent in this place.
 E = Time spent auto-exploring this place.
 F = Levels seen in this place.
 G = Mean time per level.
                   A        B        C        D        E       F      G
               +--------+--------+--------+--------+--------+-----+--------+
         Total |  75145 |  69244 |   5901 |  20266 |  33094 |  46 | 1633.6 |
       Dungeon |  20087 |  17551 |   2536 |   1836 |  11986 |  15 | 1339.1 |
        Temple |     36 |      2 |     34 |      0 |      0 |   1 |   36.0 |
          Lair |   7005 |   6127 |    878 |    634 |   4218 |   5 | 1401.0 |
        Shoals |   9224 |   8860 |    364 |   4243 |   2811 |   4 | 2306.0 |
     Snake Pit |   8659 |   7991 |    668 |   2517 |   3667 |   4 | 2164.8 |
  Orcish Mines |   1655 |   1505 |    150 |    212 |    903 |   2 |  827.5 |
   Elven Halls |   6127 |   5760 |    367 |   2461 |   1884 |   3 | 2042.3 |
        Vaults |  13766 |  13267 |    499 |   5530 |   4420 |   5 | 2753.2 |
        Depths |   7594 |   7191 |    403 |   2664 |   2869 |   4 | 1898.5 |
         Trove |     67 |     67 |      0 |      0 |     10 |   1 |   67.0 |
         Sewer |    497 |    497 |      0 |      0 |    325 |   1 |  497.0 |
    Desolation |    424 |    424 |      0 |    167 |      0 |   1 |  424.0 |
               +--------+--------+--------+--------+--------+-----+--------+

Top non-repeatable levels by time:
Vaults:3: 3940 daAuts
Shoals:3: 3846 daAuts
   Elf:3: 3772 daAuts
Vaults:4: 3471 daAuts
Vaults:1: 3178 daAuts
 Snake:4: 3020 daAuts
    D:14: 2641 daAuts
 Snake:3: 2590 daAuts
Vaults:2: 2408 daAuts
Depths:4: 2341 daAuts
Shoals:2: 2270 daAuts
    D:15: 2220 daAuts
Shoals:4: 2052 daAuts
    D:12: 1995 daAuts
Depths:2: 1887 daAuts
